Map: 2000 Atmospheres LE

Players

A.I. 1 (Very Hard)

  • Race: Protoss Protoss

jheffe - Winner!

  • Race: Terran Terran
  • League: Master

VOD

Have the link to the VOD?

Description

Time

  • Played on: Aug. 12, 2021, 8:52 p.m.
  • Length: 12:30
Show
View Real Time Build Order
Export as new Build Order

A.I. 1 (Very Hard) Protoss 

Build Orders: 1 Gate Expand, Zealot Archon, Colossus Rush 

Get SALT Encoding   

  12  0:00  Probe  
  13  0:13  Probe  
  14  0:19  Pylon  
  14  0:25  Probe  
  15  0:34  Probe  
  15  0:42  Probe  
  16  0:47  Assimilator  
  17  0:50  Gateway  
  17  0:52  Probe  
  18  1:00  Pylon, Probe  
  19  1:08  Probe  
  19  1:18  Probe  
  21  1:30  Probe  
  22  1:38  Nexus  
  22  1:42  Probe  
  22  1:44  Zealot  
  25  1:58  Cybernetics Core  
  25  1:59  Probe  
  26  2:11  Probe  
  27  2:23  Probe  
  27  2:25  Pylon  
  28  2:35  Stalker, Probe, Warp Gate, Gateway  
  31  2:40  Assimilator  
  31  2:44  Probe  
  32  2:52  Probe  
  32  2:54  Pylon  
  33  3:00  Probe  
  33  3:05  Adept  
  36  3:07  Probe  
  36  3:08  Probe  
  38  3:19  Robotics Facility  
  38  3:22  Adept  
  38  3:24  Probe x2  
  42  3:35  Adept  
  42  3:36  Probe x2  
  46  3:42  Adept  
  46  3:48  Probe  
  47  3:49  Probe  
  50  4:00  Probe  
  50  4:01  Probe  
  52  4:04  Adept  
  52  4:07  Pylon  
  52  4:09  Probe  
  54  4:10  Robotics Bay  
  54  4:11  Observer  
  54  4:12  Adept, Probe  
  59  4:17  Probe  
  59  4:19  Robotics Facility  
  60  4:24  Pylon  
  60  4:34  Forge  
  50  4:42  Stalker  
  50  4:43  Probe  
  53  4:45  Probe  
  54  4:55  Probe  
  54  4:58  Probe  
  56  5:08  Gateway, Probe x2  
  56  5:10  Photon Cannon  
  56  5:12  Stalker, Photon Cannon  
  60  5:16  Probe  
  60  5:19  Pylon  
  60  5:20  Probe  
  62  5:24  Probe  
  62  5:29  Colossus  
  62  5:32  Probe  
  70  5:36  Probe  
  71  5:44  Probe  
  71  5:45  Stalker, Sentry  
  71  5:47  Pylon  
  71  5:49  Probe  
  77  5:56  Probe  
  78  6:01  Twilight Council  
  78  6:02  Zealot  
  78  6:03  Assimilator  
  80  6:05  Assimilator, Zealot  
  80  6:09  Pylon  
  82  6:26  Probe x2  
  84  6:38  Probe  
  84  6:39  Probe  
  86  6:41  Templar Archives  
  86  6:49  Pylon  
  86  6:51  Zealot x3  
  92  6:54  Photon Cannon  
  92  6:56  Pylon  
  92  6:57  Nexus  
  92  7:09  Zealot, Forge  
  92  7:11  Zealot x2  
  98  7:18  Pylon  
  98  7:22  High Templar  
  99  7:26  Probe x2  
  99  7:29  Zealot  
  91  7:31  Sentry  
  64  7:38  Probe x2  
  64  7:42  High Templar  
  60  7:48  Archon  
  60  7:50  Probe  
  60  7:51  Probe  
  62  7:54  Zealot, High Templar  
  66  8:00  Probe  
  66  8:02  Probe  
  68  8:10  Probe  
  68  8:14  Stalker, Sentry, Probe  
  68  8:18  Probe  
  74  8:26  Stalker, Probe x2  
  79  8:35  Probe  
  79  8:37  Stalker, High Templar  
  79  8:38  Probe  
  85  8:49  Archon, Stalker  
  85  8:50  Probe x2  
  89  9:00  High Templar  
  92  9:02  Probe  
  92  9:03  Probe  
  92  9:09  High Templar  
  95  9:11  Immortal  
  95  9:12  Stalker  
  95  9:14  Probe  
  95  9:15  Probe  
  103  9:25  Stalker  
  105  9:36  Nexus  
  105  9:38  Zealot  
  107  9:42  Zealot  
  109  9:46  Zealot  
  103  9:57  Zealot  
  103  9:58  Sentry  
  73  10:06  Sentry  
  69  10:17  Zealot  
  71  10:21  Zealot  
  71  10:24  Zealot  
  75  10:36  Zealot  
  75  10:39  Zealot  
  75  10:41  Stalker  
  63  10:50  High Templar  
  63  10:54  Adept  
  47  10:59  Zealot  
  47  11:01  Adept, High Templar  
  49  11:04  Adept  
  44  11:20  Observer  
  44  11:21  High Templar  
  44  11:22  Zealot  
  38  11:33  Stalker  
  38  11:35  Zealot  
  20  11:49  Sentry  
  20  11:50  Pylon  
  20  11:53  Sentry  
  17  11:56  High Templar  
  13  12:12  Zealot  
Show
View Real Time Build Order
Export as new Build Order

jheffe Terran - Winner!

Build Orders:  

Get SALT Encoding   

  12  0:00  SCV  
  13  0:12  SCV  
  14  0:17  Supply Depot  
  14  0:24  SCV  
  15  0:38  SCV  
  15  0:41  Barracks  
  16  0:48  Refinery  
  16  0:50  SCV  
  17  1:02  SCV  
  18  1:14  SCV  
  19  1:28  Marine, Orbital Command  
  20  1:39  Command Center  
  20  1:48  Supply Depot  
  20  1:53  SCV  
  21  1:58  Factory  
  21  2:05  SCV  
  21  2:07  Barracks Reactor  
  22  2:14  Bunker  
  22  2:17  Refinery  
  22  2:18  SCV  
  23  2:30  SCV  
  24  2:42  SCV  
  24  2:43  Marine x2, Starport  
  27  2:51  Orbital Command  
  27  2:53  Widow Mine  
  27  2:54  SCV  
  30  3:02  Marine x2  
  32  3:06  SCV  
  33  3:17  Widow Mine  
  33  3:18  SCV x2  
  37  3:20  Medivac  
  37  3:22  Marine  
  37  3:23  Marine  
  37  3:25  Supply Depot  
  41  3:30  SCV x2  
  43  3:42  Marine x2, SCV  
  43  3:43  Barracks  
  43  3:46  SCV  
  47  3:54  Barracks, SCV  
  48  3:58  Factory Tech Lab, SCV  
  48  4:02  Supply Depot  
  49  4:03  Marine x2  
  49  4:04  Starport Reactor  
  49  4:06  SCV  
  52  4:11  SCV  
  53  4:19  SCV  
  53  4:23  SCV  
  55  4:24  Supply Depot  
  55  4:26  Marine x2  
  55  4:28  Factory Tech Lab  
  55  4:31  SCV  
  58  4:35  SCV  
  59  4:40  Engineering Bay, Refinery  
  59  4:43  Stimpack, SCV  
  58  4:45  Marine  
  58  4:46  Marine  
  58  4:47  SCV  
  58  4:52  Supply Depot  
  61  4:54  Supply Depot  
  61  4:55  Factory Reactor, SCV  
  61  4:56  Marauder x2  
  65  5:00  Combat Shield, SCV  
  65  5:03  Marine x2  
  67  5:07  Terran Infantry Weapons Level 1, SCV  
  67  5:12  Refinery  
  69  5:17  Marauder x2  
  69  5:20  SCV  
  73  5:21  Supply Depot  
  73  5:25  Marine x2, Medivac x2  
  79  5:38  Supply Depot  
  79  5:40  Marauder x2  
  79  5:41  Widow Mine  
  85  5:43  Widow Mine  
  85  5:44  Supply Depot  
  87  5:51  Marine x2  
  89  6:02  Marauder x2  
  89  6:03  Medivac x2  
  97  6:11  Marine x2, Supply Depot  
  97  6:16  Command Center  
  99  6:21  Concussive Shells  
  99  6:24  Marauder x2  
  103  6:29  Marine x2  
  105  6:38  SCV x2  
  105  6:39  Medivac  
  109  6:40  Barracks x2, Medivac  
  109  6:43  Widow Mine  
  109  6:44  Widow Mine  
  115  6:47  Supply Depot  
  115  6:48  Supply Depot  
  115  6:50  SCV x2  
  117  7:01  Marine  
  118  7:08  Marine  
  118  7:09  Marauder x2, SCV x2  
  118  7:10  Supply Depot  
  118  7:11  Supply Depot  
  124  7:20  Terran Infantry Armor Level 1  
  124  7:21  Marine, SCV x2  
  119  7:30  Marauder x2  
  119  7:32  Barracks Reactor, Barracks Tech Lab  
  119  7:33  SCV x2  
  109  7:45  SCV x2  
  109  7:46  Marine  
  112  7:52  Marauder x2  
  112  7:55  Marine  
  112  7:56  Marauder  
  112  7:57  SCV x2  
  121  7:58  Orbital Command  
  121  8:08  Marine x2, Command Center  
  121  8:09  SCV x2  
  125  8:13  Marauder  
  125  8:14  Barracks  
  125  8:15  Barracks  
  125  8:16  Barracks, Refinery x2  
  127  8:20  Engineering Bay, Armory  
  127  8:21  SCV x2  
  127  8:26  Marauder x2  
  133  8:27  Marine  
  133  8:31  Medivac x2  
  138  8:34  Marauder  
  138  8:37  Bunker  
  138  8:41  Supply Depot x2  
  140  8:46  Supply Depot  
  140  8:47  SCV x2, Missile Turret  
  140  8:48  SCV  
  143  9:04  Marauder x3, Barracks Reactor, Barracks Tech Lab x2  
  143  9:05  Marine x4  
  143  9:06  Medivac x2  
  157  9:11  Terran Infantry Weapons Level 2, Supply Depot  
  157  9:12  Supply Depot  
  157  9:15  Terran Infantry Armor Level 2  
  156  9:24  Marauder x2  
  160  9:29  Supply Depot  
  160  9:33  Supply Depot  
  160  9:36  Supply Depot  
  158  9:45  Marine x2, Marauder x2  
  155  9:52  Marine x2, Marauder x3  
  156  9:55  Marine x2  
  156  10:02  Marine  
  156  10:03  Marine, Supply Depot  
  156  10:04  Planetary Fortress  
  156  10:05  SCV x2  
  156  10:07  Marauder x2  
  164  10:12  Marine  
  164  10:14  Marauder  
  167  10:16  Ghost Academy  
  167  10:17  Marine x2  
  167  10:18  Marauder x2  
  173  10:26  Missile Turret  
  173  10:28  Marauder, Refinery  
  175  10:29  Marine x2, Refinery  
  175  10:30  Marine, Marauder  
  175  10:35  Marauder  
  182  10:45  Starport  
  179  10:52  Marine x3, Marauder  
  179  10:53  Marauder  
  186  11:00  Marine x2  
  186  11:01  Marine x3, Marauder  
  193  11:11  Marine x3  
  194  11:14  Marauder x2  
  200  11:27  Command Center  
  200  11:30  Sensor Tower  
  200  11:32  Sensor Tower  
Tags
 
Add a new tag
Caveats
  • Supply blocks, unpowered buildings, or Contaminate may cause inaccurate times.
  • Supply counts are checked every 10 seconds.